 Dungeon Crawl Stone Soup version 0.25-a0-346-g140ab784a8 (webtiles) character file.

Game seed: 16112190118684024466, levelgen mode: deterministic

83 Lanoc the Poker (level 4, 0/34 HPs)
             Began as a Merfolk Warper on Dec 31, 2019.
             Succumbed to Terence's poison
             ... on level 2 of the Dungeon.
             The game lasted 00:02:33 (2168 turns).

Lanoc the Poker (Merfolk Warper)                    Turns: 2168, Time: 00:02:33

Health: 0/34       AC:  4    Str: 13    XL:     4   Next: 44%
Magic:  7/7        EV: 13    Int: 12    God:
Gold:   88         SH:  0    Dex: 14    Spells: 5/7 levels left

rFire    . . .     SeeInvis .   a - +0 spear
rCold    . . .     Gourm    .   (no shield)
rNeg     . . .     Faith    .   m - +0 leather armour
rPois    .         Spirit   .   (no helmet)
rElec    .         Reflect  .   (no cloak)
rCorr    .         Harm     .   (no gloves)
MR       .....     Clarity  +   (no boots)
Stlth    +.........             (no amulet)
HPRegen  0.00/turn              h - +2 ring of strength
MPRegen  0.10/turn              (no ring)

@: lethally poisoned (0 -> -27)
A: change form in water, swift swim, stealthy swim, clarity, shaggy fur 1,
inhibited regeneration
a: no special abilities


You were on level 2 of the Dungeon.
You were hungry.

You visited 1 branch of the dungeon, and saw 2 of its levels.

You collected 88 gold pieces.

Inventory:

Hand Weapons
 a - a +0 spear (weapon)
 b - a +0 hunting sling of velocity
Missiles
 c - a throwing net
 e - a boomerang of dispersal (quivered)
 p - 55 stones
 x - 17 sling bullets
Armour
 m - a +0 leather armour (worn)
Jewellery
 h - a +2 ring of strength (left hand)
 s - an uncursed ring of stealth
Scrolls
 d - a scroll of blinking
 i - 8 scrolls of identify {unknown}
 k - 2 scrolls of magic mapping {unknown}
 o - 2 scrolls of teleportation {unknown}
 q - a scroll of fog {unknown}
 r - a scroll of remove curse {unknown}
 t - a scroll of enchant armour {unknown}
 v - 2 scrolls of immolation {unknown}
Potions
 j - a potion of ambrosia {unknown}
 l - a potion of brilliance {unknown}
 n - a potion of heal wounds {unknown}
 u - a potion of might {unknown}
 w - a potion of magic {unknown}
Comestibles
 f - 2 rations


   Skills:
 + Level 2.9 Fighting
 * Level 4.4 Polearms
 - Level 1.0 Throwing
 + Level 1.2 Armour
 + Level 3.5 Dodging
 - Level 2.0 Spellcasting
 * Level 2.8 Translocations


You had 5 spell levels left.
You knew the following spells:

 Your Spells              Type           Power        Failure   Level  Hunger
a - Blink                 Tloc           N/A          17%         2    ###....

Your spell library contained the following spells:

 Spells                   Type           Power        Failure   Level  Hunger
 Shroud of Golubria       Chrm/Tloc      #.....       30%         2    ###....
 Gell's Gravitas          Tloc           #.........   32%         3    ####...
 Lesser Beckoning         Tloc           #.........   32%         3    ####...
 Teleport Other           Tloc           #.......     32%         3    ####...
 Passage of Golubria      Tloc           N/A          73%         4    #####..


Dungeon Overview and Level Annotations

Branches:
Dungeon (2/15)

Altars:

Annotations:
D:2 Terence


Innate Abilities, Weirdness & Mutations

You revert to your normal form in water.
You are very nimble and swift while swimming.
You are very stealthy in the water. (Stealth+)
You possess an exceptional clarity of mind.
You are covered in fur. (AC +1)
You do not regenerate when monsters are visible.


Message History

You throw a boomerang of dispersal.
The boomerang of dispersal hits Terence but does no damage.
Terence is moderately wounded.
* * * LOW HITPOINT WARNING * * *
You feel sick.
Terence hits you from afar with a +2 trident of venom.
* * * LOW HITPOINT WARNING * * *
You are more poisoned.
Throwing (i - inventory. (/) - cycle)
e - 2 boomerangs of dispersal (quivered)
Press: ? - help, Shift-Dir - straight line, f/p - Terence
Aim: Terence, wielding a +2 trident of venom and wearing a +0 ring mail (moderately wounded)
You throw a boomerang of dispersal.
The boomerang of dispersal hits Terence but does no damage.
Terence is moderately wounded.
* * * LOW HITPOINT WARNING * * *
You feel sick. Terence closely misses you.
It was a potion of mutation.
You feel extremely strange.
Your regeneration stops near monsters.
Your thoughts seem clearer.
Fur sprouts all over your body.
You die...

#.....^..# #.#
........# #.#
###.###.# #.# #
#.....# #.. #.
#######†###.####..
#.##.......#
#.......
#......)####
#.#####.
####.......#
#.#.....
.......@...#
#.#.###.
............# #.#
#. ..##.....@..#
.# #. #........#
#. #.......(.# #.
####.....(.. ..
####...#> #.##


You could see Terence.

Vanquished Creatures
  3 adders (D:2)
  4 worms (D:2)
  3 leopard geckos
  5 bats
  A giant cockroach (D:2)
  9 goblins
  5 hobgoblins
  2 jackals (D:2)
  3 kobolds
  7 rats
42 creatures vanquished.

Notes
Turn   | Place    | Note
-------+----------+-------------------------------------------
     0 | D:1      | Lanoc the Merfolk Warper began the quest for the Orb.
     0 | D:1      | Reached XP level 1. HP: 16/16 MP: 3/3
   112 | D:1      | Reached XP level 2. HP: 19/23 MP: 5/5
   127 | D:1      | Reached skill level 1 in Armour
   482 | D:1      | Learned a level 2 spell: Blink
  1315 | D:2      | Reached XP level 3. HP: 28/28 MP: 6/6
  1744 | D:2      | Reached skill level 4 in Polearms
  2002 | D:2      | Reached XP level 4. HP: 34/34 MP: 7/7
  2153 | D:2      | Noticed Terence
  2168 | D:2      | Gained mutation: You do not regenerate when monsters are
                  | visible. [potion of mutation]
  2168 | D:2      | Gained mutation: You possess an exceptional clarity of
                  | mind. [potion of mutation]
  2168 | D:2      | Gained mutation: You are covered in fur. (AC +1) [potion of
                  | mutation]
  2168 | D:2      | Succumbed to Terence's poison

Levels and vault maps discovered:
D:1:      dpeg_arrival_signposts, layout_basic, minmay_octomino_e4
D:2:      layout_loops_ring, uniq_jessica, uniq_terence, uniq_crazy_yiuf_cottage

Skill      XL: |  1  2  3 |
---------------+----------+-----
Dodging        | 3 |  3.5
Armour         | 1 |  1.2
Polearms       | 4 |  4.4
Fighting       | |  2.9
Throwing       | |  1.0
Spellcasting   | |  2.0
Translocations | |  2.8

Action                   |  1- 3 |  4- 6 || total
-------------------------+-------+-------++-------
Melee: Spear             |    61 |    17 ||    78
 Fire: Hunting sling     |    35 |    27 ||    62
Throw: Boomerang         |       |     4 ||     4
  Use: Potion            |       |     1 ||     1
 Stab: Sleeping          |     1 |       ||     1
  Eat: Chunk             |     3 |       ||     3
Armor: Leather armour    |    12 |     4 ||    16
Dodge: Dodged            |    30 |    14 ||    44

Table legend:
 A = Non-vault XP
 B = Vault XP
 C = Vault XP percentage of total XP
 D = Non-vault monster count
 E = Vault monster count
 F = Vault count percentage of total count
                 A         B        C        D         E       F
            +---------+---------+-------+---------+---------+-------
      Total |     114 |       5 |   4.2 |      39 |       3 |   7.1
            +---------+---------+-------+---------+---------+-------
        D:1 |      28 |       5 |  15.2 |      17 |       3 |  15.0
        D:2 |      86 |       0 |   0.0 |      22 |       0 |   0.0
            +---------+---------+-------+---------+---------+-------
